 Dungeon Crawl Stone Soup version 0.26-a0-639-g72c4674329 (webtiles) character file.

Game seed: 4447054845724690659

116 Borgoz the Skirmisher (level 5, -1/47 HPs)
             Began as a Hill Orc Berserker on Sept 19, 2020.
             Was a Believer of Trog.
             Slain by Sigmund
             ... wielding a +0 scythe
              (2 damage)
             ... on level 3 of the Dungeon.
             The game lasted 00:02:19 (3315 turns).

Borgoz the Skirmisher (Hill Orc Berserker)          Turns: 3315, Time: 00:02:20

Health: -1/47      AC:  5    Str: 20    XL:     5   Next: 1%
Magic:  5/5        EV: 11    Int:  7    God:    Trog [**....]
Gold:   82         SH:  0    Dex: 11    Spells: 4/4 levels left

rFire    . . .     SeeInvis .   a - +0 mace
rCold    . . .     Faith    .   (no shield)
rNeg     + . .     Spirit   .   k - +0 ring mail
rPois    .         Reflect  .   (no helmet)
rElec    .         Harm     .   (no cloak)
rCorr    .         Rampage  .   (no gloves)
MR       .....                  (no boots)
Stlth    ..........             (no amulet)
HPRegen  0.15/turn              (no ring)
MPRegen  0.09/turn              b - ring of positive energy

@: confused, berserk cooldown, slowed, very slow
A: no striking features
a: Berserk, Trog's Hand, Renounce Religion


You were on level 3 of the Dungeon.
You worshipped Trog.
Trog was pleased with you.
You visited 1 branch of the dungeon, and saw 3 of its levels.

You collected 82 gold pieces.

Inventory:

Hand Weapons
 a - a +0 mace (weapon)
Armour
 k - a +0 ring mail (worn)
Jewellery
 b - a ring of positive energy (right hand)
 e - an uncursed ring of flight
Scrolls
 f - 3 scrolls of amnesia {unknown}
 h - 2 scrolls of fear {unknown}
 i - 3 scrolls of identify {unknown}
 j - a scroll of enchant weapon {unknown}
Potions
 c - 2 potions of might
 d - 2 potions of flight {unknown}
 g - a potion of mutation {unknown}


   Skills:
 + Level 4.5 Fighting
 + Level 4.1 Maces & Flails
 + Level 3.3 Armour
 + Level 2.4 Dodging


You had 4 spell levels left.
You didn't know any spells.
Your spell library was empty.

Dungeon Overview and Level Annotations

Branches:
Dungeon (3/15)

Altars:
Gozag
Kikubaaqudgha

Annotations:
D:3 Sigmund


Message History

You bump into the rock wall.
The goblin shoots a stone.
The stone closely misses you.
You bump into the rock wall.
You feel a strong urge to attack something.
You are no longer berserk.
You are exhausted.
You feel yourself slow down. Something hits you.
You miss something.
The goblin shoots a stone.
The stone hits you.
* * * LOW HITPOINT WARNING * * *
You hear some strange, mumbled words.
Something tries to affect you, but you resist.
You hear some strange, mumbled words.
A puff of flame appears from out of thin air!
The puff of flame hits you!
* * * LOW HITPOINT WARNING * * *
The goblin unwields a +0 hunting sling.
The goblin wields a +0 club.
The goblin hits you with a +0 club.
* * * LOW HITPOINT WARNING * * *
Something hits you.
You die...

#..# #.#
#.#########
##.## #.# #.#
#..# #.# #.#
#..###.# #.#
#...##.# #.#
##..##.# #†#
#..##.###(###
##.##.#{(g..#
#..#.#.#@#.#
######'#.#.#.#.#
#........#.#.# #
#........#.#.#
#........#.#.#
#######..#...#
...##### ...>.
#..####


You could see a goblin.

Vanquished Creatures
  Robin (D:3)
  3 adders
  4 worms (D:2)
  A dart slug (D:1)
  4 leopard geckos
  2 ball pythons (D:2)
  6 bats
  3 giant cockroaches
  11 goblins
  9 hobgoblins
  3 jackals (D:2)
  A quokka (D:2)
  5 kobolds
  4 rats
57 creatures vanquished.

Vanquished Creatures (others)
  A withered plant (D:2)
1 creature vanquished.

Grand Total: 58 creatures vanquished

Notes
Turn   | Place    | Note
-------+----------+-------------------------------------------
     0 | D:1      | Borgoz the Hill Orc Berserker began the quest for the Orb.
     0 | D:1      | Reached XP level 1. HP: 19/19 MP: 1/1
   278 | D:1      | Reached XP level 2. HP: 21/27 MP: 2/2
  1319 | D:2      | Found an ancient bone altar of Kikubaaqudgha.
  1330 | D:2      | Reached XP level 3. HP: 33/33 MP: 3/3
  1706 | D:2      | Found an opulent altar of Gozag.
  2122 | D:2      | Reached XP level 4. HP: 39/40 MP: 4/4
  2154 | D:2      | Reached ** piety under Trog
  3290 | D:3      | Noticed Sigmund
  3291 | D:3      | Noticed Robin
  3302 | D:3      | Killed Robin
  3304 | D:3      | Reached XP level 5. HP: 47/47 MP: 5/5
  3315 | D:3      | HP: 1/47 [goblin/+0 club[Robin] (4)]
  3315 | D:3      | Slain by Sigmund

Illustrated notes

Levels and vault maps discovered:
D:1:      shiori_arrival_oz, layout_loops_ring
D:2:      layout_basic, grunt_gozag_statues, kiku_gazebo_garden_becter,
          minmay_tetromino_i2
D:3:      layout_basic, chequers_ecumenical_altar_simple_redux, uniq_robin,
          uniq_sigmund, uniq_ijyb

Skill      XL: |  1  2  3  4 |
---------------+-------------+-----
Fighting       | 4 |  4.5
Dodging        | 2 |  2.4
Armour         | 3 |  3.3
Maces & Flails | 4 |  4.1

Action                   |  1- 3 |  4- 6 || total
-------------------------+-------+-------++-------
Melee: Mace              |   122 |    92 ||   214
Invok: Berserk           |     3 |     1 ||     4
       Trog's Hand       |       |     1 ||     1
  Use: Scroll            |     1 |       ||     1
       Potion            |     1 |       ||     1
Armor: Animal skin       |    22 |     8 ||    30
       Ring mail         |       |    23 ||    23
Dodge: Dodged            |    99 |    68 ||   167

Table legend: (Time is in decaauts)
 A = Elapsed time spent in this place.
 B = Non-inter-level travel time spent in this place.
 C = Inter-level travel time spent in this place.
 D = Time resting spent in this place.
 E = Time spent auto-exploring this place.
 F = Levels seen in this place.
 G = Mean time per level.
                   A        B        C        D        E       F      G
               +--------+--------+--------+--------+--------+-----+--------+
         Total |   3378 |   3247 |    131 |    920 |   1863 |   3 | 1126.0 |
       Dungeon |   3378 |   3247 |    131 |    920 |   1863 |   3 | 1126.0 |
               +--------+--------+--------+--------+--------+-----+--------+

Top non-repeatable levels by time:
     D:2: 1758 daAuts
     D:1: 1332 daAuts
     D:3: 287 daAuts
